 Dungeon Crawl Stone Soup version 0.18.1-47-g9310371 (webtiles) character file.

57 Gargoyl the Skirmisher (level 3, -2/30 HPs)
             Began as a Demonspawn Abyssal Knight on June 20, 2016.
             Was a Follower of Lugonu.
             Slain by Crazy Yiuf
             ... wielding a +4 quarterstaff of chaos
              (12 damage)
             ... on level 2 of the Dungeon.
             The game lasted 00:02:24 (1389 turns).

Gargoyl the Skirmisher (Demonspawn Abyssal Knight)  Turns: 1389, Time: 00:02:25

Health: -2/30      AC:  8    Str: 13    XL:     3   Next: 73%
Magic:  4/4        EV: 17    Int: 13    God:    Lugonu [*.....]
Gold:   77         SH:  0    Dex: 17    Spells: 0 memorised, 2 levels left

rFire  . . .     SeeInvis .     a - +1 hand axe
rCold  . . .     Gourm    .     b - +0 leather armour
rNeg   . . .     Faith    .     (no shield)
rPois  .         Spirit   .     (no helmet)
rElec  .         Dismiss  .     (no cloak)
rCorr  .         Reflect  .     (no gloves)
SustAt .         Harm     .     (no boots)
MR     .....                    (no amulet)
Stlth  ++........               (no ring)
                                d - +5 ring of protection

@: agile, not resistant to hostile enchantments, unstealthy
A: hooves 1, demonic guardian 1
a: Depart the Abyss, Renounce Religion


You were on level 2 of the Dungeon.
You worshipped Lugonu.
Lugonu was aware of your devotion.
You were not hungry.

You visited 1 branch of the dungeon, and saw 2 of its levels.
You visited the Abyss 1 time.

You collected 77 gold pieces.

Inventory:

Hand Weapons
 a - a +1 hand axe (weapon)
Armour
 b - a +0 leather armour (worn)
Jewellery
 d - a +5 ring of protection (left hand)
Scrolls
 h - 7 scrolls of remove curse {unknown}
 i - a scroll of identify {unknown}
 j - a scroll of random uselessness {unknown}
 k - a scroll of fog {unknown}
 l - a scroll of teleportation {unknown}
Potions
 e - a potion of agility
 m - a potion of might {unknown}
Comestibles
 c - a bread ration
 f - a beef jerky


   Skills:
 + Level 4.0 Fighting
 + Level 2.2 Axes
 + Level 1.8 Armour
 + Level 1.6 Dodging
 + Level 2.6 Invocations


You had 2 spell levels left.
You didn't know any spells.

Dungeon Overview and Level Annotations

Branches:
Dungeon (2/15)

Altars:

Annotations:
D:2 Crazy Yiuf


Innate Abilities, Weirdness & Mutations

You have large cloven feet.
A weak demonic guardian rushes to your aid.


Message History

You're too confused to move!
You feel less confused. Crazy Yiuf closely misses you.
You barely miss Crazy Yiuf.
Crazy Yiuf is lightly wounded.
You feel sick.
Crazy Yiuf grits, "Shower!
Proton sanguine bag."
Crazy Yiuf completely misses you.
Drink which item? (? for menu, Esc to quit)
It was a potion of agility.
You feel agile all of a sudden.
Crazy Yiuf hits you with a quarterstaff of chaos.
* * * LOW HITPOINT WARNING * * *
Crazy Yiuf freezes you.
* * * LOW HITPOINT WARNING * * *
Drink which item? (? for menu, Esc to quit)
It was a potion of curing.
You feel better.
Crazy Yiuf flaps his cloak.
Crazy Yiuf hits you with a quarterstaff of chaos!
You die...

♣♣♣♣♣### ###
♣♣♣.♣....##
#...#♣@.♣......##
#....g♣♣♣♣...)..#
#)..#♣♣ ♣♣.....#
### ♣♣##..#######
#.........
###.###### ## #.#
.##.# ..#.#


You could see Crazy Yiuf.

Vanquished Creatures
  An adder (D:2)
  A worm (D:2)
  6 dart slugs
  A giant gecko (D:1)
  A giant cockroach (D:1)
  5 goblins
  3 hobgoblins
  5 kobolds
  2 bats (D:1)
  4 giant newts (D:1)
  3 rats (D:1)
32 creatures vanquished.

Notes
Turn   | Place    | Note
--------------------------------------------------------------
     0 | Abyss:1  | Gargoyl the Demonspawn Abyssal Knight began the quest for the Orb.
     0 | Abyss:1  | Reached XP level 1. HP: 18/18 MP: 2/2
    45 | Abyss:1  | Noticed a raiju
    46 | D:1      | Escaped the Abyss
   133 | D:1      | Reached skill level 1 in Dodging
   143 | D:1      | Reached * piety under Lugonu
   143 | D:1      | Gained mutation: A weak demonic guardian rushes to your aid. [demonic ancestry]
   143 | D:1      | Reached XP level 2. HP: 19/24 MP: 3/3
   593 | D:1      | Gained mutation: You have large cloven feet. [demonic ancestry]
   593 | D:1      | Reached XP level 3. HP: 27/30 MP: 4/4
  1309 | D:2      | Reached skill level 4 in Fighting
  1374 | D:2      | Noticed Crazy Yiuf
  1389 | D:2      | Slain by Crazy Yiuf

Skill      XL: |  1  2  3 |
---------------+----------+-----
Dodging        | 1 |  1.6
Axes           | 2 |  2.2
Fighting       | 4 |  4.0
Armour         | |  1.8
Invocations    | |  2.6

Action                   || total
-------------------------++-------
Melee: Hand axe          ||   113
       Kick              ||    10
Invok: Depart the Abyss  ||     1
  Use: Potion            ||     2
  Eat: Chunk             ||     2
Armor: Leather armour    ||    44
Dodge: Dodged            ||    65
